 Dungeon Crawl Stone Soup version 0.27.1-33-g824d729ab1 (webtiles) character file.

Game seed: 5681926292033742011

146 zeram the Covert (level 5, -11/34 HPs)
             Began as an Octopode Brigand on Dec 16, 2021.
             Shot with an arrow by a centaur (14 damage)
             ... on level 3 of the Dungeon.
             The game lasted 00:04:12 (2928 turns).

zeram the Covert (Octopode Brigand)                 Turns: 2928, Time: 00:04:12

Health: -11/34     AC:  1    Str: 11    XL:     5   Next: 28%
Magic:  5/5        EV: 12    Int: 14    God:
Gold:   71         SH:  0    Dex: 13    Spells: 4/4 levels left

rFire    . . .     SeeInvis +   a - +3 dagger (vamp)
rCold    . . .     Faith    .   (no shield)
rNeg     . . .     Spirit   .   (helmet restricted)
rPois    .         Reflect  .   (no amulet)
rElec    .         Harm     .   j - ring of see invisible
rCorr    .         Rampage  .   (no ring)
Will     .....                  (no ring)
Stlth    +++++.....             (no ring)
HPRegen  0.11/turn              (no ring)
MPRegen  0.09/turn              (no ring)
                                (no ring)
                                (no ring)

@: no status effects
A: almost no armour, amphibious, 8 rings, camouflage 1, gelatinous body 1,
(nimble swimmer 1), tentacles
a: no special abilities


You were on level 3 of the Dungeon.
You visited 1 branch of the dungeon, and saw 3 of its levels.

You collected 71 gold pieces.

Inventory:

Hand Weapons
 a - a +3 vampiric dagger (weapon)
Missiles
 b - 10 poisoned darts (quivered)
 c - 2 curare-tipped darts
Jewellery
 j - a ring of see invisible (left tentacle)
Scrolls
 l - a scroll of summoning {unknown}
 m - a scroll of enchant armour {unknown}
 n - a scroll of amnesia {unknown}
Potions
 e - 2 potions of curing
 g - a potion of ambrosia {unknown}
 i - 2 potions of haste {unknown}


   Skills:
 - Level 2.0 Fighting
 - Level 2.1 Short Blades
 - Level 2.0 Throwing
 - Level 1.0 Dodging
 + Level 8.9 Stealth


You had 4 spell levels left.
You didn't know any spells.
Your spell library contained the following spells:

 Spells                   Type           Power      Damage    Failure   Level
 Call Canine Familiar     Summ           0%         N/A       65%         3
 Portal Projectile        Hex/Tloc       0%         N/A       65%         3
 Leda's Liquefaction      Hex/Erth       0%         N/A       96%         4


Dungeon Overview and Level Annotations

Branches:
Dungeon (3/15)

Altars:


Innate Abilities, Weirdness & Mutations

You cannot wear most types of armour.
You are amphibious.
You can wear up to eight rings at the same time.
Your skin changes colour to match your surroundings (Stealth+).
Your rubbery body absorbs attacks. (AC +1, EV +1)
((You are camouflaged near water. (Stealth+)))
You have tentacles for arms and can constrict up to eight enemies at once.


Message History

Unknown command.
You hit the hobgoblin.
You feel better.
You grab the hobgoblin. You squeeze the hobgoblin.
You kill the hobgoblin!
The orc hits you but does no damage.
You hit the orc. Your grab misses the orc.
The orc is heavily wounded.
The centaur unwields a +0 shortbow.
The centaur misses you. x2
You barely miss the orc. You grab the orc. You squeeze the orc.
You kill the orc!
The orc misses you. The centaur closely misses you. The centaur kicks you.
You hit the orc. You grab the orc. You squeeze the orc.
You kill the orc!
The centaur hits you but does no damage.
The centaur barely misses you.
You hit the centaur but do no damage. The centaur hits you.
The centaur kicks you. The orc hits you with a +0 whip. The centaur hits you.
The centaur kicks you. The centaur barely misses you. The centaur kicks you.
Things that are here:
a +0 club; an orc corpse A frilled lizard comes into view.
The centaur hits you but does no damage.
The centaur barely misses you. The centaur hits you.
The centaur barely misses you. The orc hits you with a +0 whip.
* * * LOW HITPOINT WARNING * * *
The orc hits you with a +0 dagger.
* * * LOW HITPOINT WARNING * * *
The centaur barely misses you. The centaur misses you.
Blink to where?
Press: ? - help, Dir - move target An adder comes into view.
As you read the scroll of blinking, it crumbles to dust.
The adder hisses angrily.
Okay, then.
It was a potion of curing.
You feel better.
The centaur wields a +0 shortbow.
The centaur shoots an arrow.
The arrow hits you!
* * * LOW HITPOINT WARNING * * *
The centaur shoots an arrow.
The arrow hits you!
You die...

.... ... #..#
#.#.#.#.#.#.#.#.#.#.... #..##
.........=?........... #...#
.#.#.#.#.#.#.#.#.#.#... #....
...................... ##...
#.#.#.#l#.#.#.#.#.#S##########.>.
.................................
.#.#)#o#.#.#.#.#.#..##########...
...).)o.§o......@...# ####
..#)#.#.#c#.#.#.#.###
.................##
#..#.#.#.#.#.#.#.#
#...............##
##..#.#.#.#.#.#.#
#.............## ##.....########
######


You could see a centaur and an orc.

Vanquished Creatures
  An orc wizard (D:3)
  5 adders (D:2)
  A white imp (D:3)
  A worm (D:2)
  4 orcs (D:3)
  5 bats
  6 endoplasms
  3 giant cockroaches (D:2)
  6 goblins
  6 hobgoblins
  A jackal (D:2)
  6 kobolds
  4 quokkas
  A ball python (D:1)
  A frilled lizard (D:1)
  6 rats
57 creatures vanquished.

Notes
Turn   | Place    | Note
-------+----------+-------------------------------------------
     0 | D:1      | zeram the Octopode Brigand began the quest for the Orb.
     0 | D:1      | Reached XP level 1. HP: 14/14 MP: 1/1
   407 | D:1      | Reached XP level 2. HP: 19/19 MP: 2/2
   415 | D:1      | Found a faded altar of an unknown god.
   518 | D:1      | Reached skill level 6 in Stealth
  1077 | D:1      | Reached XP level 3. HP: 24/24 MP: 3/3
  1382 | D:2      | Reached skill level 7 in Stealth
  2061 | D:2      | Reached XP level 4. HP: 29/29 MP: 4/4
  2257 | D:2      | Reached skill level 8 in Stealth
  2905 | D:3      | Noticed a centaur
  2912 | D:3      | Reached XP level 5. HP: 34/34 MP: 5/5
  2928 | D:3      | Shot with an arrow by a centaur

Illustrated notes

Levels and vault maps discovered:
D:1:      minmay_arrival_up_and_down, layout_loops_corners,
          hellmonk_ecumenical_altar_arch_garden, grunt_decor_one_mirror,
          minivault_26, minmay_misc_feat_hallway
D:2:      minmay_razor_zed, layout_basic
D:3:      minmay_bubble_buster, layout_rooms, nicolae_overflow_crystal_walls,
          hex_large

Skill      XL: |  1  2  3  4 |
---------------+-------------+-----
Stealth        | 6 7 8 |  8.9
Fighting       | |  2.0
Short Blades   | |  2.1
Throwing       | |  2.0
Dodging        | |  1.0

Action                   |  1- 3 |  4- 6 || total
-------------------------+-------+-------++-------
Melee: Dagger            |    53 |    49 ||   102
       Constrict         |     9 |    13 ||    22
       Tentacles         |     7 |    14 ||    21
Throw: Dart              |     2 |       ||     2
  Use: Scroll            |       |     5 ||     5
       Potion            |       |     1 ||     1
 Stab: Sleeping          |    16 |     7 ||    23
Armor: Skin              |     2 |     9 ||    11
Dodge: Dodged            |    18 |    32 ||    50
